 Dungeon Crawl Stone Soup version 0.21-a0-84-g85d6d27 (webtiles) character file.

111502 HallandMoats the Fighter (level 16, 0/91 HPs)
             Began as a Vine Stalker Fighter on July 2, 2017.
             Was a High Priest of the Shining One.
             Killed from afar by Aizul (3 damage)
             ... with a poison arrow
             ... on level 2 of the Snake Pit on July 3, 2017.
             The game lasted 01:05:32 (23847 turns).

HallandMoats the Fighter (Vine Stalker Fighter)    Turns: 23847, Time: 01:05:33

Health: 0/91       AC: 29    Str: 20    XL:     16   Next: 57%
Magic:  0/34       EV: 11    Int:  8    God:    the Shining One [*****.]
Gold:   1641       SH: 10    Dex: 18    Spells: 9/15 levels left

rFire    + + .     SeeInvis .   a - +0 broad axe (chop)
rCold    + . .     Gourm    .   H - +0 buckler
rNeg     + + .     Faith    .   Q - +9 plate armour of Quantum Leap {+Blink}
rPois    +         Spirit   +   m - +0 helmet
rElec    .         Reflect  +   M - +2 cloak {rPois}
rCorr    .         Harm     .   N - +0 pair of gloves of the Dungeon {rPois rF+ rC+ Slay-3}
MR       ++...                  (no boots)
Stlth    ..........             p - +4 amulet of reflection
HPRegen  1.05/turn              v - ring of magical power
MPRegen  0.24/turn              W - ring of protection from fire

@: lethally poisoned (0 -> -1), hasted (expiring), glowing, very quick
A: fangs 3, regeneration 2, weak 1, magic shield, antimagic bite, no potion heal
3, rot immunity
a: Divine Shield, Cleansing Flame, Summon Divine Warrior, Renounce Religion,
Evoke Blink


You were on level 2 of the Snake Pit.
You worshipped the Shining One.
The Shining One was extremely pleased with you.
You were hungry.

You visited 5 branches of the dungeon, and saw 26 of its levels.
You also visited: Labyrinth.

You collected 1807 gold pieces.
You spent 166 gold pieces at shops.

Inventory:

Hand Weapons
 a - a +0 broad axe of chopping (weapon)
 b - a +2 hand axe of flaming
Armour
 m - a +0 helmet (worn)
 H - a +0 buckler (worn)
 M - a +2 cloak of poison resistance (worn)
 N - the +0 pair of gloves of the Dungeon (worn) {rPois rF+ rC+ Slay-3}
   (You found it on level 9 of the Dungeon)

   It affects your accuracy and damage with ranged weapons and melee attacks
   (-3).
   It protects you from fire.
   It protects you from cold.
   It protects you from poison.
 Q - the +9 plate armour of Quantum Leap (worn) {+Blink}
   (You found it on level 10 of the Dungeon)

   It lets you blink.
 Y - the -5 buckler "Tiupul" {-Tele rElec rCorr}
   (You found it on level 12 of the Dungeon)

   It insulates you from electricity.
   It prevents most forms of teleportation.
   It protects you from acid and corrosion.
Jewellery
 p - a +4 amulet of reflection (around neck)
 v - a ring of magical power (left hand)
 z - an uncursed amulet of harm {unknown}
 E - an uncursed ring of poison resistance
 G - an uncursed ring of ice
 K - an uncursed ring of magical power
 O - an uncursed ring of protection from cold
 W - a ring of protection from fire (right hand)
Wands
 B - a wand of disintegration (20/24)
 F - a wand of iceblast (7/15)
 J - a wand of digging (2/24)
Scrolls
 e - 3 scrolls of magic mapping
 g - 4 scrolls of enchant armour {unknown}
 h - 4 scrolls of fog {unknown}
 j - 6 scrolls of teleportation
 k - 2 scrolls of fear {unknown}
 q - 5 scrolls of immolation {unknown}
 w - 7 scrolls of identify
 x - 5 scrolls of amnesia {unknown}
 y - 3 scrolls of recharging {unknown}
 I - 2 scrolls of silence {unknown}
 S - 2 scrolls of noise {unknown}
 T - 2 scrolls of enchant weapon {unknown}
 U - 6 scrolls of remove curse
 X - 2 scrolls of blinking {unknown}
Potions
 c - 4 potions of might
 d - 2 potions of cancellation
 l - 2 potions of agility
 n - 2 potions of mutation
 o - 5 potions of haste
 r - 6 potions of curing
 t - 4 potions of flight
 u - 6 potions of brilliance
 C - a potion of berserk rage
 D - 2 potions of magic
Books
 A - a book of the Sky

   Spells                             Type                      Level
   a - Summon Lightning Spire         Summoning/Air                4
   b - Silence                        Hexes/Air                    5
   c - Deflect Missiles               Charms/Air                   6
   d - Conjure Ball Lightning         Conjuration/Air              6
   e - Tornado                        Air                          9
 V - a book of Spatial Translocations

   Spells                             Type                      Level
   a - Blink                          Translocation                2
   b - Shroud of Golubria             Charms/Translocation         2
   c - Lesser Beckoning               Translocation                3
   d - Gell's Gravitas                Translocation                3
   e - Teleport Other                 Translocation                3
   f - Passage of Golubria            Translocation                4
Miscellaneous
 s - 2 phantom mirrors
 P - a lamp of fire
Comestibles
 f - 13 bread rations
 i - 20 meat rations
 L - 37 fruits
 R - 5 chunks of flesh


   Skills:
 * Level 13.6 Fighting
 + Level 13.5 Axes
 + Level 9.4 Armour
 + Level 9.2 Dodging
 - Level 6.9 Shields
 - Level 11.8 Invocations
 - Level 3.9 Evocations


You had 9 spell levels left.
You knew the following spells:

 Your Spells              Type           Power        Failure   Level  Hunger
a - Statue Form           Tmut/Erth      #........    100%        6    #######


Dungeon Overview and Level Annotations

Branches:
Dungeon (15/15)            Temple (1/1) D:7            Lair (6/6) D:9
 Shoals (0/4) Lair:4        Snake (2/4) Lair:4        Slime (0/5) Lair:5
    Orc (2/2) D:9             Elf (0/3) Orc:2        Vaults (0/5) D:13
 Depths (0/5) D:15

Altars:
Ashenzari
Cheibriados
Dithmenos
Elyvilon
Fedhas
Gozag
Hepliaklqana
Kikubaaqudgha
Makhleb
Nemelex Xobeh
Okawaru
Qazlal
Ru
Sif Muna
Trog
Uskayaw
Vehumet
Wu Jian
Xom
Yredelemnul
Zin
The Shining One
Beogh

Shops:
D:7 *   D:8 *?*   D:11 (   D:14 *   Orc:1 (   Orc:2 ?=(*   Snake:2 %

Annotations:
Snake:2 Aizul


Innate Abilities, Weirdness & Mutations

You have razor-sharp teeth.
You heal very quickly.
When hurt, damage is shared between your health and your magic reserves.
Your bite disrupts and absorbs the magic of your enemies.
Potions cannot restore your health.
You are immune to rotting.
You are weak. (Str -2)


Message History

The naga warrior shouts!
Aizul casts a spell at you. The poison arrow hits you!
You are more poisoned.
You partially resist.
* * * LOW HITPOINT WARNING * * *
* * * LOW HITPOINT WARNING * * *
You feel sick.
The naga warrior shouts!
Aizul casts a spell at you. You resist with significant effort.
Your extra speed is starting to run out.
* * * LOW HITPOINT WARNING * * *
You feel sick.
Your system rejects the healing.
You feel better. Aizul casts a spell at you. The poison arrow hits you!
You are poisoned.
You partially resist.
You die...

..##..# #$##..###########.#
..... ... #.S# #.#
..........##.A## #.#
............S..# ####S#
...............#######....#
..####.#...........N...####
.## #...............# ##
#########.####### # #@# #.#
#.# #.# #.# #.# ###


You could see Aizul, a black mamba and a friendly angel.

Vanquished Creatures
  A nagaraja (Snake:2)
  The ghost of Lianjan the Severer, a journeyman DDFi of Makhleb (D:14)
  A dire elephant (Lair:6)
  An ettin (Orc:1)
  Josephine (D:13)
  A vault guard (D:13)
  An ogre mage (D:15)
  6 hydras
  A naga warrior (Snake:1)
  9 two-headed ogres
  The ghost of sscrono2 the Martial Artist, a journeyman OpTm of Cheibriados (D:10)
  4 anacondas
  6 death yaks (Lair:4)
  2 orc high priests
  4 tengu warriors
  A shock serpent (Snake:2)
  A naga sharpshooter (Snake:1)
  Nergalle (Lair:1)
  2 unseen horrors
  A naga ritualist (Snake:1)
  2 wizards
  2 deep elf magi
  4 mana vipers (Snake:1)
  An oklob plant (Lair:1)
  6 orc sorcerers
  2 salamanders
  2 cyclopes
  A manticore (D:15)
  16 ugly things
  18 elephants
  3 naga magi (Snake:1)
  Maurice (D:13)
  10 black mambas
  A guardian serpent (Snake:1)
  13 spiny frogs
  A kobold demonologist (D:11)
  12 komodo dragons
  A komodo dragon (shapeshifter) (D:14)
  3 rime drakes
  A yaktaur (D:13)
  A harpy zombie (D:13)
  3 meliai (D:14)
  3 tengu conjurers (D:14)
  7 trolls
  Grinder (D:4)
  2 hornets
  9 slime creatures
  14 blink frogs (Lair:6)
  9 hippogriffs
  A water elemental (D:14)
  A vampire (D:13)
  27 yaks
  A shadow (D:11)
  2 wyverns
  22 humans (D:13)
  Eustachio (D:5)
  A hog (shapeshifter) (D:13)
  4 vampire mosquitoes (D:12)
  4 basilisks
  6 wraiths
  2 hungry ghosts
  3 wargs (Orc:1)
  11 nagas (Snake:1)
  8 porcupines
  17 water moccasins
  20 orc warriors
  3 ice beasts
  A sky beast (D:14)
  A phantom (D:9)
  A necrophage (D:8)
  13 ogres
  3 boggarts (D:10)
  3 wolves (Lair:5)
  A centaur (D:5)
  10 big kobolds
  11 crocodiles
  Blork the orc (D:6)
  20 bullfrogs
  A gnoll sergeant (D:4)
  A wyvern zombie (D:14)
  An elf skeleton (D:8)
  6 scorpions
  2 wyvern skeletons
  3 killer bees (D:12)
  3 troll zombies (D:9)
  4 wights
  4 howler monkeys
  The ghost of sscrono2 the Insei, a weakling OpTm (D:3)
  An electric eel (D:13)
  9 crimson imps
  5 centaur skeletons
  2 centaur zombies
  5 bullfrog skeletons
  5 hounds
  21 orc priests
  A bullfrog zombie (D:10)
  A human zombie (D:8)
  18 jellies
  A human skeleton (D:8)
  3 iguanas
  33 orc wizards
  7 hell rats (Lair:4)
  4 worker ants
  5 ogre zombies (D:9)
  An ogre skeleton (D:8)
  4 mummies (D:8)
  A howler monkey zombie (D:8)
  A worker ant zombie (D:7)
  Robin (D:2)
  11 adders
  8 gnolls
  3 shadow imps
  2 oozes
  An adder zombie (D:7)
  2 adder skeletons
  4 worms
  A dart slug (D:2)
  5 leopard geckos
  62 orcs
  5 bats
  6 giant cockroaches
  12 goblins
  6 hobgoblins
  9 jackals
  6 quokkas
  5 ball pythons
  4 frilled lizards
  A goblin skeleton (D:9)
  3 goblin zombies (D:9)
  A hobgoblin skeleton (D:9)
  5 hobgoblin zombies (D:9)
  32 kobolds
  3 orc skeletons (D:9)
  12 orc zombies (D:9)
  A quokka skeleton (D:8)
  10 rats
  5 fungi
  5 plants
779 creatures vanquished.

Vanquished Creatures (collateral kills)
  Rupert (Lair:3)
  Frances (D:13)
  2 dire elephants (Lair:6)
  A minotaur (Lab)
  An anaconda (Snake:1)
  2 naga warriors
  A naga sharpshooter (Snake:1)
  Sonja (D:15)
  A shock serpent (Snake:2)
  A deep elf mage (D:15)
  2 mana vipers
  An ugly thing (D:13)
  2 black mambas
  3 naga magi
  A gargoyle (D:15)
  A wyvern (D:15)
  A naga (Snake:1)
  A soldier ant (D:15)
  A black bear (Lair:3)
25 creatures vanquished.

Vanquished Creatures (others)
  Nikola (Snake:1)
  A centaur warrior (D:15)
  A cyclops (D:11)
  A black mamba (Snake:2)
  2 orcs
  12 fungi
  11 plants
29 creatures vanquished.

Grand Total: 833 creatures vanquished

Notes
Turn   | Place    | Note
-------+----------+-------------------------------------------
     0 | D:1      | HallandMoats the Vine Stalker Fighter began the quest for the Orb.
     0 | D:1      | Reached XP level 1. HP: 11/11 MP: 2/2
    62 | D:1      | Reached XP level 2. HP: 16/16 MP: 3/3
   499 | D:1      | Reached XP level 3. HP: 20/20 MP: 4/4
  1006 | D:2      | Noticed Robin
  1018 | D:2      | Reached skill level 1 in Dodging
  1020 | D:2      | Killed Robin
  1020 | D:2      | Gained mutation: Your natural rate of healing is unusually fast. [Vine Stalker growth]
  1020 | D:2      | Reached XP level 4. HP: 12/24 MP: 3/5
  1182 | D:2      | Found a blossoming altar of Fedhas.
  1632 | D:3      | Found a shattered altar of Ashenzari.
  1787 | D:3      | Noticed sscrono2's ghost (weakling OpTm)
  1845 | D:3      | Killed sscrono2's ghost
  1845 | D:3      | Reached XP level 5. HP: 28/28 MP: 6/6
  2128 | D:3      | Found a sparkling altar of Nemelex Xobeh.
  2579 | D:4      | Reached XP level 6. HP: 31/33 MP: 7/7
  2661 | D:4      | Noticed Grinder
  2665 | D:4      | Found a stormy altar of Qazlal.
  2729 | D:4      | Killed Grinder
  2729 | D:4      | Reached XP level 7. HP: 37/37 MP: 8/8
  3501 | D:5      | Entered Level 5 of the Dungeon
  3698 | D:5      | Noticed Eustachio
  3844 | D:5      | Killed Eustachio
  3844 | D:5      | Reached skill level 5 in Fighting
  3844 | D:5      | Gained mutation: You have razor-sharp teeth. [Vine Stalker growth]
  3844 | D:5      | Reached XP level 8. HP: 42/43 MP: 9/9
  4891 | D:6      | Reached skill level 5 in Axes
  4891 | D:6      | Reached skill level 5 in Shields
  5010 | D:6      | Noticed Blork the orc
  5043 | D:6      | Killed Blork the orc
  5422 | D:7      | Reached XP level 9. HP: 45/48 MP: 10/10
  5790 | D:7      | Found a staircase to the Ecumenical Temple.
  5798 | Temple   | Entered the Ecumenical Temple
  6015 | Temple   | Became a worshipper of the Shining One
  6137 | D:7      | Found Iptimeas's General Store.
  6453 | D:8      | Reached * piety under the Shining One
  6604 | D:8      | Found Byossas's General Store.
  6838 | D:8      | Found a basalt altar of Yredelemnul.
  6863 | D:8      | Reached XP level 10. HP: 55/55 MP: 11/11
  6886 | D:8      | Reached ** piety under the Shining One
  6977 | D:8      | Found Tatt's General Store.
  6979 | D:8      | Found Ukuc's Magic Scroll Shop.
  6987 | D:8      | Bought a scroll of identify for 30 gold pieces
  6997 | D:8      | Found a burning altar of Makhleb.
  6998 | D:8      | Found a radiant altar of Vehumet.
  7116 | D:9      | Reached *** piety under the Shining One
  7131 | D:9      | Found a staircase to the Orcish Mines.
  7155 | D:9      | Reached **** piety under the Shining One
  7296 | D:9      | Reached skill level 5 in Armour
  7296 | D:9      | Reached skill level 1 in Invocations
  7399 | D:9      | Found a staircase to the Lair.
  7663 | D:9      | Got a pair of translucent gloves
  7670 | D:9      | Identified the +0 pair of gloves of the Dungeon {rPois rF+ rC+ Slay-3} (You found it on level 9 of the Dungeon)
  7727 | D:9      | Found a deep blue altar of Sif Muna.
  7740 | D:9      | Found a sparkling altar of Nemelex Xobeh.
  7741 | D:9      | Found a shimmering altar of Xom.
  7742 | D:9      | Found an ornate altar of the Wu Jian Council.
  7744 | D:9      | Found an ancient bone altar of Kikubaaqudgha.
  7971 | D:10     | Entered Level 10 of the Dungeon
  8014 | D:10     | Noticed a cyan ugly thing
  8341 | D:10     | Noticed sscrono2's ghost (journeyman OpTm)
  8345 | D:10     | Reached ***** piety under the Shining One
  8355 | D:10     | Killed sscrono2's ghost
  8490 | D:10     | HP: 2/56 [troll (3)]
  8615 | D:10     | Reached XP level 11. HP: 40/60 MP: 14/14
  8617 | D:10     | Got a fine plate armour
  8633 | D:10     | Identified the +9 plate armour of Quantum Leap {+Blink} (You found it on level 10 of the Dungeon)
  8917 | D:11     | Noticed a white ugly thing
  8928 | D:11     | Killed a white ugly thing
  8961 | D:11     | Noticed a two-headed ogre
  8961 | D:11     | Noticed a cyclops
  8978 | D:11     | Killed a two-headed ogre
  9017 | D:11     | Noticed a purple ugly thing
  9033 | D:11     | Killed a purple ugly thing
  9033 | D:11     | Reached skill level 5 in Dodging
  9067 | D:11     | Reached skill level 5 in Invocations
  9229 | D:11     | Noticed a cyclops
  9232 | D:11     | Killed a cyclops
  9270 | D:11     | Noticed a purple ugly thing
  9284 | D:11     | Killed a purple ugly thing
  9334 | D:11     | Found Yrroac's Antique Weapon Shoppe.
  9341 | D:11     | Bought a broad axe for 88 gold pieces
  9473 | D:12     | Noticed a two-headed ogre
  9480 | D:12     | Killed a two-headed ogre
  9482 | D:12     | Noticed a cyan ugly thing
  9492 | D:12     | Killed a green ugly thing
  9502 | D:12     | Killed a green ugly thing
  9502 | D:12     | Gained mutation: You heal very quickly. [Vine Stalker growth]
  9502 | D:12     | Reached XP level 12. HP: 29/66 MP: 17/17
  9665 | D:12     | Noticed a two-headed ogre
  9667 | D:12     | Got a brightly glowing buckler
  9674 | D:12     | Killed a two-headed ogre
  9699 | D:12     | Identified the -5 buckler "Tiupul" {-Tele rElec rCorr} (You found it on level 12 of the Dungeon)
 10792 | D:13     | Noticed a tengu warrior
 10833 | D:13     | Killed a tengu warrior
 10869 | D:13     | Noticed Maurice
 11054 | D:13     | Noticed Josephine
 11059 | D:13     | Reached ****** piety under the Shining One
 11064 | D:13     | Killed Josephine
 11064 | D:13     | Reached skill level 10 in Fighting
 11105 | D:13     | Killed Maurice
 11182 | D:13     | Reached skill level 10 in Axes
 11213 | D:13     | Found a gate to the Vaults.
 11213 | D:13     | Noticed a vault guard
 11220 | D:13     | Reached XP level 13. HP: 72/72 MP: 20/20
 11229 | D:13     | Killed a vault guard
 11245 | D:13     | Identified the Handbook of Dislocation and Lightness
 11481 | D:13     | Noticed Frances
 11493 | D:13     | Killed Frances
 11849 | D:14     | Found a blossoming altar of Fedhas.
 11960 | D:14     | Noticed Lianjan's ghost (journeyman DDFi)
 12011 | D:14     | HP: 1/72 [Lianjan's ghost (10)]
 12332 | D:14     | Found Mosunty's General Store.
 12576 | D:14     | Paralysed by a hornet for 3 turns
 12860 | D:15     | Entered Level 15 of the Dungeon
 13228 | D:14     | Reached XP level 14. HP: 41/79 MP: 22/22
 13400 | D:15     | Got an encrusted hand axe
 13410 | D:15     | Identified the cursed +0 hand axe "Ovaqafai" {vamp, rN+ Dex+2} (You found it on level 15 of the Dungeon)
 13412 | D:15     | Noticed Sonja
 13447 | D:15     | Killed Sonja
 13650 | D:15     | Found a hazy altar of Hepliaklqana.
 13819 | D:15     | Gained mutation: You are weak. (Str -2) [a neqoxec]
 13838 | D:15     | Reached skill level 10 in Invocations
 13900 | D:15     | Found a staircase to the Depths.
 13984 | D:14     | Killed Lianjan's ghost
 14091 | Lair:1   | Entered Level 1 of the Lair of Beasts
 14160 | Lair:1   | Noticed Nergalle
 14183 | Lair:1   | Killed Nergalle
 15514 | Lair:3   | Noticed Rupert
 15515 | Lair:3   | Paralysed by Rupert for 5 turns
 15535 | Lair:3   | Killed Rupert
 16248 | Lair:4   | Reached XP level 15. HP: 72/84 MP: 24/24
 16497 | Lair:4   | Found a staircase to the Snake Pit.
 17082 | Lair:4   | Found a staircase to the Shoals.
 17306 | Lair:4   | Reached skill level 1 in Evocations
 17800 | Lair:5   | Found a staircase to the Slime Pits.
 18471 | Lair:6   | Entered Level 6 of the Lair of Beasts
 18635 | Lair:6   | HP: 2/85 [elephant (6)]
 20111 | Orc:1    | Entered Level 1 of the Orcish Mines
 20111 | Orc:1    | Found a roughly hewn altar of Beogh.
 20187 | Orc:1    | Found Ruadeok's Antique Weapon Shoppe.
 20376 | Orc:2    | Entered Level 2 of the Orcish Mines
 20379 | Orc:2    | Found a labyrinth entrance.
 20388 | Lab      | Entered a labyrinth
 21044 | Lab      | Identified the Volume of Dark Talismans
 21044 | Lab      | Identified Keiting's Catalogue of Shape Shifting and Lightness
 21108 | Lab      | Learned a level 6 spell: Statue Form
 21160 | Orc:2    | Found a staircase to the Elven Halls.
 21391 | Orc:1    | Reached XP level 16. HP: 74/91 MP: 25/25
 21475 | Orc:2    | Found Ceulaasi's Jewellery Shoppe.
 21475 | Orc:2    | Found Yhoavo's Magic Scroll Shoppe.
 21476 | Orc:2    | Found Yphes's Antique Weapon Emporium.
 21481 | Orc:2    | Found Pesonede's Assorted Antiques.
 21525 | Orc:2    | Bought a scroll of teleportation for 48 gold pieces
 22262 | Snake:1  | Entered Level 1 of the Snake Pit
 23052 | Snake:1  | Noticed Nikola
 23064 | Snake:1  | Killed Nikola
 23411 | Snake:2  | Noticed a nagaraja
 23424 | Snake:2  | Killed a nagaraja
 23659 | Snake:2  | Found Efadd's Food Shop.
 23783 | Snake:2  | Noticed Aizul
 23790 | Snake:2  | Noticed a nagaraja
 23844 | Snake:2  | HP: 3/91 [Aizul/poison arrow (5)]
 23847 | Snake:2  | Killed from afar by Aizul

Vault maps used:
D:1:      eino_arrival_cavern_b, kennysheep_another_room
D:2:      lemuel_doored_altar, first_bread, uniq_robin
D:3:      cheibrodos_ashenzari_chains, nemelex_spade_bored_becter
D:4:      nicolae_qazlal_general_emergency, uniq_grinder
D:5:      uniq_eustachio
D:6:      uniq_blork_the_orc
D:7:      minmay_temple_entry_large_hall, serial_shops,
          nicolae_shop_behind_doors
D:8:      grunt_temple_overflow_lords_of_destruction,
          lemuel_mausoleum_altar_yredelemnul, serial_shops,
          nicolae_shop_statue_plus, shop, shop
D:9:      minitemple, dpeg_oklobed_lair, zombieorc2_lemuel, blue_anna_alchemist
D:10:     st_stairs_2
D:11:     serial_shops, nicolae_shop_crystal, minmay_holes,
          kennysheep_flooded_box
D:12:     hangedman_decor_points, minivault_1
D:13:     grunt_vaults_entry_tiered, minivault_4, uniq_maurice, uniq_frances,
          uniq_josephine
D:14:     serial_shops, shop, serial_glass, glass_columns_b, glass_columns_a,
          minmay_misc_feat_nine_boxes, minivault_14, fedhas_altar_2
D:15:     grunt_enter_depths_magical_seal, lemuel_coloured_pillars_altar,
          uniq_sonja
Temple:   grunt_temple_mini_profane
Lair:1:   serial_bayou_lagoon_a, grunt_megastairs_2, minmay_lair_oklob_chamber,
          lemuel_fruit_fields, uniq_nergalle
Lair:2:   grunt_forest_stairs_basic
Lair:3:   uniq_rupert
Lair:4:   elwin_shoals_entry_rooms, minmay_snake_entry_six_corridors,
          st_stairs_3, beast_lair_carwin_4
Lair:5:   minmay_slime_entry_jelly_boxes, beast_lair_carwin_6
Lair:6:   due_jungle_book, grunt_megastairs_1
Snake:1:  uniq_nikola
Snake:2:  serial_shops, nicolae_shop_behind_doors, uniq_donald, uniq_aizul
Orc:1:    serial_shops, nicolae_shop_stone, basic_altar
Orc:2:    st_orc_mages, lab_entry_generic, abandoned_shop

Skill      XL: |  1  2  3  4  5  6  7  8  9 10 11 12 13 14 15 16 |
---------------+-------------------------------------------------+-----
Axes           | 2 3 4 5 6 7 8 10 11 12 13 | 13.5
Fighting       | 3 4 5 7 8 9 10 11 12 13 | 13.6
Dodging        | 1 2 3 4 5 6 7 8 9 |  9.2
Shields        | 3 4 5 6 |  6.9
Armour         | 3 4 5 6 7 8 9 |  9.4
Invocations    | 3 6 8 9 10 11 | 11.8
Evocations     | 3 |  3.9

Action                   |  1- 3 |  4- 6 |  7- 9 | 10-12 | 13-15 | 16-18 || total
-------------------------+-------+-------+-------+-------+-------+-------++-------
Melee: War axe           |    89 |    21 |   115 |   369 |       |       ||   594
       Bite              |    20 |    43 |   208 |   259 |   558 |   109 ||  1197
       Short sword       |       |   108 |   361 |       |       |       ||   469
       Broad axe         |       |       |       |   312 |  1281 |   287 ||  1880
       Hand axe          |       |       |       |       |    43 |       ||    43
Invok: Summon Divine War |       |       |       |       |     6 |     6 ||    12
Evoke: Wand              |       |       |       |     1 |     1 |     1 ||     3
  Use: Potion            |     1 |       |       |       |     1 |     4 ||     6
       Scroll            |       |       |     3 |     9 |     9 |     3 ||    24
 Stab: Distracted        |     1 |       |       |       |       |       ||     1
  Eat: Chunk             |       |     5 |    14 |    14 |    25 |     7 ||    65
       Royal jelly       |       |       |     1 |       |     5 |       ||     6
       Bread ration      |       |       |       |     1 |       |       ||     1
       Fruit             |       |       |       |       |     1 |     2 ||     3
Armor: Scale mail        |    26 |       |   169 |   100 |       |       ||   295
       Ring mail         |    25 |    41 |    50 |       |       |       ||   116
       Plate armour      |       |       |       |   400 |   931 |   227 ||  1558
Dodge: Dodged            |    36 |    46 |   260 |   376 |   638 |   189 ||  1545
Block: Shield            |    64 |    19 |       |       |       |       ||    83
       Buckler           |       |    46 |   250 |   475 |   812 |   217 ||  1800
       Reflection        |       |     6 |     3 |     5 |    11 |     9 ||    34
